Map: Efflorescence LE

Players

jffun

  • Race: Terran Terran
  • League: Diamond
  • Spawn Location: 3:00

AlexT

  • Race: Protoss Protoss
  • Spawn Location: 12:00

Massa - Winner!

  • Race: Terran Terran
  • League: Platinum
  • Spawn Location: 6:00

qqq - Winner!

  • Race: Zerg Zerg
  • Spawn Location: 9:00

VOD

Have the link to the VOD?

Description

Time

  • Played on: March 6, 2021, 9:47 a.m.
  • Length: 14:21
Show
View Real Time Build Order
Export as new Build Order

jffun Terran 

Build Orders:  

Get SALT Encoding   

  12  0:00  SCV  
  13  0:12  SCV  
  14  0:17  Supply Depot  
  14  0:24  SCV  
  15  0:39  SCV  
  15  0:42  Barracks  
  16  0:48  Refinery  
  16  0:52  SCV  
  17  1:05  SCV  
  18  1:17  SCV  
  19  1:31  Supply Depot  
  19  1:32  Orbital Command  
  19  1:33  Reaper  
  20  2:03  SCV  
  21  2:15  SCV  
  22  2:17  Factory, Marine  
  23  2:26  Command Center  
  23  2:27  SCV  
  24  2:36  Refinery  
  24  2:38  Barracks Reactor  
  24  2:39  Supply Depot  
  24  2:46  SCV  
  25  2:59  SCV  
  26  3:07  Starport  
  26  3:20  SCV  
  26  3:23  Hellion x2  
  26  3:24  Barracks Tech Lab  
  30  3:37  Orbital Command  
  30  3:40  SCV  
  31  3:47  Medivac  
  32  3:50  Marine  
  32  3:55  Barracks  
  33  3:57  SCV  
  33  3:58  Stimpack  
  33  4:00  Hellion x2  
  38  4:04  Supply Depot  
  38  4:14  Marine  
  39  4:20  SCV  
  40  4:31  Marine  
  40  4:33  Barracks  
  41  4:41  SCV  
  42  4:46  Marine  
  42  4:50  Barracks x2, Marine  
  44  5:04  Marine  
  42  5:16  SCV  
  42  5:19  Marine  
  42  5:22  Marine  
  42  5:23  SCV  
  42  5:28  SCV  
  43  5:33  Marine x2  
  43  5:35  SCV  
  46  5:36  Starport Reactor  
  46  5:37  Factory Reactor, Marine, Combat Shield  
  46  5:38  Factory Tech Lab  
  46  5:39  Marine  
  46  5:40  SCV, Marine x2  
  51  5:47  Supply Depot x2  
  51  5:48  SCV  
  51  5:49  Supply Depot  
  52  5:51  Marine x2  
  52  5:52  SCV, Supply Depot  
  52  5:55  Marauder  
  57  5:57  Marine x2  
  57  5:58  Marine  
  60  6:06  Engineering Bay  
  60  6:09  Marine x2, Supply Depot  
  60  6:10  SCV x2  
  64  6:15  Marine x3  
  64  6:16  Engineering Bay, Marine  
  68  6:20  Medivac  
  68  6:24  Medivac  
  72  6:27  Marine x2  
  74  6:33  Marine x3  
  74  6:34  Marine  
  78  6:45  Marine  
  43  13:52  Barracks Reactor  
  43  13:53  Barracks Reactor, Barracks Tech Lab  
Show
View Real Time Build Order
Export as new Build Order

AlexT Protoss 

Build Orders:  

Get SALT Encoding   

  12  0:01  Probe  
  13  0:19  Pylon  
  13  0:22  Probe (Chrono Boost)  
  14  0:32  Probe (Chrono Boost)  
  15  0:37  Probe (Chrono Boost)  
  16  0:46  Gateway  
  16  0:52  Assimilator  
  16  0:53  Probe  
  17  1:06  Probe  
  18  1:19  Pylon  
  18  1:23  Probe (Chrono Boost)  
  19  1:32  Probe (Chrono Boost)  
  20  1:35  Cybernetics Core  
  20  1:37  Probe (Chrono Boost)  
  21  1:43  Gateway  
  21  1:45  Gateway  
  21  1:49  Probe  
  22  2:01  Probe  
  23  2:13  Probe  
  24  2:28  Pylon, Adept  
  26  2:31  Warp Gate  
  26  2:33  Adept x2  
  30  2:50  Nexus  
  30  3:00  Adept  
  30  3:03  Adept  
  30  3:05  Adept  
  36  3:23  Pylon  
  36  3:24  Pylon  
  36  3:49  Stalker x3  
  42  3:57  Assimilator  
  42  4:05  Assimilator  
  42  4:08  Forge  
  42  4:09  Probe (Chrono Boost)  
  39  4:20  Probe (Chrono Boost)  
  32  4:24  Probe (Chrono Boost)  
  32  4:29  Stalker x2  
  37  4:32  Stalker  
  29  5:10  Adept x3  
  29  5:35  Probe (Chrono Boost)  
  31  5:43  Assimilator  
  31  5:45  Probe x2 (Chrono Boost)  
  32  5:50  Probe (Chrono Boost)  
  32  5:51  Probe  
  34  6:01  Probe  
  34  6:03  Probe  
  36  6:06  Pylon  
  36  6:13  Probe  
  36  6:15  Probe  
  36  6:17  Stargate  
  38  6:19  Stargate  
  38  6:27  Probe  
  38  6:31  Photon Cannon  
  39  6:34  Photon Cannon  
  39  6:38  Photon Cannon  
  39  6:45  Pylon  
  39  6:51  Pylon  
  39  7:14  Void Ray (Chrono Boost)  
  39  7:17  Void Ray (Chrono Boost)  
  43  7:29  Probe (Chrono Boost)  
  49  7:39  Probe x2 (Chrono Boost)  
  50  7:44  Probe (Chrono Boost), Stargate  
  50  7:48  Void Ray (Chrono Boost)  
  51  7:54  Void Ray (Chrono Boost)  
  51  7:56  Probe  
  60  8:07  Photon Cannon  
  60  8:08  Probe, Photon Cannon  
  61  8:25  Void Ray  
  65  8:52  Void Ray (Chrono Boost)  
  65  9:01  Void Ray (Chrono Boost)  
  73  9:18  Probe (Chrono Boost)  
  74  9:27  Probe (Chrono Boost)  
  75  9:32  Probe (Chrono Boost)  
  76  9:44  Probe  
  77  9:49  Photon Cannon  
  77  9:52  Photon Cannon, Protoss Air Weapons Level 1  
  77  9:56  Probe  
  77  9:57  Pylon  
  77  9:58  Void Ray  
  78  10:01  Photon Cannon  
  78  10:03  Photon Cannon  
  82  10:08  Photon Cannon  
  82  10:10  Photon Cannon  
  82  10:15  Photon Cannon  
  82  10:28  Void Ray x2 (Chrono Boost)  
  90  10:43  Void Ray (Chrono Boost)  
  94  11:02  Void Ray (Chrono Boost)  
  93  11:09  Void Ray (Chrono Boost)  
  101  11:49  Pylon  
  101  11:56  Pylon  
  101  12:01  Void Ray x2, Pylon  
  101  12:08  Void Ray  
  109  12:12  Pylon  
  113  12:26  Pylon  
  113  12:43  Void Ray x2  
  113  12:45  Void Ray  
Show
View Real Time Build Order
Export as new Build Order

Massa Terran - Winner!

Build Orders: 2 Factory, Cyclone Opening 

Get SALT Encoding   

  12  0:00  SCV  
  13  0:12  SCV  
  14  0:17  Supply Depot  
  14  0:24  SCV  
  15  0:39  SCV  
  15  0:40  Barracks  
  16  0:47  Refinery  
  16  0:51  SCV  
  17  1:03  SCV, Supply Depot  
  18  1:15  SCV  
  18  1:17  Refinery  
  19  1:27  SCV  
  19  1:30  Reaper  
  21  1:39  Orbital Command  
  21  1:56  Factory  
  21  2:02  Marine  
  21  2:06  SCV  
  23  2:14  Factory  
  23  2:18  SCV  
  23  2:21  Barracks Tech Lab  
  24  2:30  SCV  
  25  2:46  Barracks Tech Lab  
  25  2:48  Supply Depot  
  25  2:49  Cyclone  
  28  2:59  SCV  
  29  3:22  Cyclone  
  29  3:24  Cyclone  
  35  3:46  Command Center  
  35  3:49  Mag-Field Accelerator  
  35  4:00  Cyclone  
  38  4:27  SCV  
  39  4:35  Supply Depot  
  39  4:36  Supply Depot x2  
  39  4:37  Engineering Bay  
  39  4:38  Starport  
  39  4:56  SCV, Cyclone  
  37  5:27  Cyclone  
  38  5:28  SCV, Cyclone  
  38  5:30  Orbital Command  
  41  5:39  Missile Turret  
  41  5:40  SCV  
  41  5:41  Starport Tech Lab  
  42  5:51  Command Center  
  42  5:52  SCV, Barracks  
  42  5:54  Barracks Tech Lab, Supply Depot  
  43  6:05  Cloaking Field  
  43  6:10  Cyclone  
  46  6:28  Barracks  
  46  6:33  Terran Infantry Weapons Level 1  
  46  6:36  Banshee  
  46  6:37  Missile Turret  
  49  6:43  SCV x2  
  51  6:48  Missile Turret  
  51  6:55  SCV x2  
  53  7:07  SCV  
  54  7:16  Barracks Reactor, Barracks Tech Lab  
  54  7:22  Armory  
  54  7:23  Missile Turret  
  54  7:25  Refinery  
  54  7:26  Refinery, SCV x3  
  57  7:31  Medivac  
  57  7:36  Marine x2  
  61  7:38  SCV x3  
  61  7:41  Stimpack  
  64  7:50  SCV  
  65  7:53  Marine x2  
  67  7:58  SCV  
  67  8:01  Medivac  
  67  8:02  SCV  
  71  8:10  SCV  
  71  8:11  Marine  
  73  8:14  SCV  
  74  8:22  SCV  
  72  8:36  Marine x3  
  75  8:42  Marine  
  73  8:50  Planetary Fortress  
  73  8:52  SCV x2  
  73  8:53  Marine x2  
  73  8:54  Marine  
  78  8:59  Marine  
  78  9:00  Missile Turret  
  79  9:04  SCV x2  
  79  9:07  Missile Turret x2  
  79  9:08  Medivac  
  79  9:09  Siege Tank x2  
  89  9:11  Terran Infantry Weapons Level 2, Marine x2  
  89  9:16  SCV  
  92  9:23  Barracks  
  92  9:24  Barracks  
  92  9:30  SCV x3, Barracks  
  95  9:32  Barracks  
  95  9:35  Barracks  
  95  9:37  Barracks  
  95  9:42  SCV x3, Command Center  
  98  9:48  Marauder  
  98  9:49  Marine  
  98  9:51  Combat Shield  
  98  9:52  Concussive Shells  
  101  9:56  Supply Depot  
  101  9:57  Supply Depot  
  101  9:58  Supply Depot  
  101  10:18  Marauder x2, Marine x2  
  105  10:34  Barracks Reactor, Barracks Tech Lab  
  105  10:35  Marine  
  105  10:40  Marauder  
  105  10:42  Thor x2  
  120  10:43  Factory  
  120  10:45  Factory  
  113  11:08  Refinery  
  113  11:09  Refinery  
  113  11:10  Terran Vehicle And Ship Armor Level 1  
  112  11:15  Smart Servos, Engineering Bay  
  112  11:16  Drilling Claws  
  112  11:19  Planetary Fortress  
  112  11:21  SCV x3  
  112  11:24  Thor  
  121  11:30  Missile Turret  
  121  11:33  SCV x2  
  121  11:37  Factory Tech Lab x2  
  123  11:40  Thor  
  123  11:44  SCV  
  123  11:45  SCV  
  131  11:47  Refinery  
  131  11:59  Refinery  
  131  12:02  Command Center, Medivac  
  133  12:13  Missile Turret  
  133  12:16  Command Center, Thor  
  139  12:24  Supply Depot  
  139  12:25  Supply Depot  
  139  12:27  Supply Depot  
  139  12:28  Supply Depot x2  
  139  12:30  Supply Depot  
  139  12:31  Supply Depot  
  139  12:45  Medivac, Thor  
  139  12:50  Supply Depot  
  147  12:51  Thor x2  
  159  12:59  Thor  
  157  13:26  Medivac  
  159  13:29  Thor  
  159  13:32  Planetary Fortress  
  165  13:34  Missile Turret, Thor x2  
  177  13:44  Armory  
  177  13:47  SCV x3  
  177  13:48  SCV  
  181  13:53  Orbital Command  
  181  13:55  Refinery  
  183  14:03  Refinery  
Show
View Real Time Build Order
Export as new Build Order

qqq Zerg - Winner!

Build Orders: Hatch First, Lurkers 

Get SALT Encoding   

  12  0:01  Drone  
  13  0:11  Drone  
  14  0:18  Overlord  
  14  0:50  Hatchery  
  14  0:55  Drone x2  
  15  1:00  Drone  
  16  1:07  Drone  
  17  1:13  Extractor  
  17  1:16  Extractor  
  15  1:26  Spawning Pool  
  15  1:27  Drone  
  15  1:31  Extractor  
  15  1:35  Drone  
  16  1:45  Drone  
  17  1:49  Extractor  
  18  1:54  Extractor  
  18  1:56  Drone  
  18  2:01  Drone  
  20  2:20  Extractor  
  20  2:22  Queen x2  
  21  2:26  Metabolic Boost  
  21  2:28  Drone x3  
  26  2:35  Overlord  
  26  2:38  Drone  
  26  2:41  Extractor  
  27  2:44  Drone  
  26  3:02  Drone x4  
  26  3:03  Drone  
  31  3:07  Drone  
  32  3:13  Evolution Chamber  
  31  3:21  Zergling x4  
  31  3:25  Zergling x2  
  34  3:28  Zergling x2  
  35  3:36  Overlord  
  35  3:37  Zergling x2, Overlord  
  35  3:39  Zerg Melee Weapons Level 1  
  36  3:47  Overlord  
  36  3:59  Zergling x4  
  36  4:00  Zergling x4, Overlord  
  36  4:01  Zergling x2  
  41  4:05  Zergling x2  
  41  4:06  Zergling x2  
  43  4:14  Zergling x2  
  43  4:15  Zergling x6  
  44  4:19  Zergling x2  
  43  4:25  Zergling x2  
  43  4:29  Zergling x2, Overlord  
  45  4:37  Drone, Zergling x2  
  47  4:58  Zergling x2  
  47  4:59  Zergling x6  
  44  5:07  Zergling x8  
  44  5:08  Zergling x2  
  44  5:14  Zergling x6  
  46  5:23  Zergling x2  
  46  5:29  Zergling x2  
  46  5:34  Drone x2, Zergling x4  
  51  5:37  Zerg Ground Armor Level 1  
  51  5:41  Drone, Hatchery  
  51  5:43  Zergling x2  
  52  5:52  Zergling x4  
  52  5:53  Drone  
  54  6:05  Drone x2, Zergling x2  
  54  6:10  Lair  
  57  6:15  Drone x2  
  57  6:16  Drone, Zergling x2  
  61  6:23  Drone x2, Zergling x2  
  64  6:31  Evolution Chamber  
  63  6:43  Zergling x6  
  63  6:44  Drone x3  
  54  7:03  Baneling Nest  
  54  7:05  Extractor  
  54  7:06  Drone x5  
  54  7:07  Drone x3  
  54  7:08  Drone x2  
  62  7:10  Queen  
  62  7:14  Extractor x2  
  62  7:18  Zerg Missile Weapons Level 1  
  62  7:20  Hydralisk Den  
  61  7:27  Spine Crawler  
  61  7:28  Drone  
  61  7:29  Drone, Spine Crawler, Zergling x6  
  64  7:30  Zergling x4  
  64  7:35  Drone x3  
  69  7:50  Drone x2  
  71  7:52  Hydralisk  
  71  7:55  Hatchery  
  71  7:56  Hydralisk  
  74  8:00  Muscular Augments  
  74  8:09  Lurker Den  
  73  8:21  Drone x2  
  73  8:22  Hydralisk x3  
  73  8:25  Zerg Ground Armor Level 2  
  81  8:30  Spore Crawler  
  81  8:32  Spore Crawler  
  81  8:33  Spore Crawler  
  78  8:40  Drone x4, Extractor  
  81  8:41  Extractor  
  81  8:42  Drone  
  81  8:46  Overlord  
  81  8:52  Baneling x4  
  81  8:53  Baneling x3  
  81  8:57  Centrifical Hooks  
  81  9:01  Baneling x4  
  81  9:02  Baneling  
  81  9:07  Drone x3  
  84  9:12  Drone x2  
  86  9:19  Drone x2, Hydralisk  
  86  9:24  Grooved Spines  
  90  9:28  Zerg Missile Weapons Level 2  
  90  9:31  Lurker  
  91  9:39  Spine Crawler  
  90  9:47  Lurker x2  
  92  9:56  Hydralisk x2, Infestation Pit  
  92  9:58  Overlord x2  
  92  9:59  Overlord  
  95  10:00  Drone  
  95  10:04  Spine Crawler  
  95  10:28  Hydralisk x7  
  95  10:29  Hydralisk  
  111  10:45  Drone x8  
  111  10:46  Drone  
  120  10:58  Overlord x3  
  120  11:01  Spore Crawler  
  120  11:03  Spore Crawler  
  120  11:04  Spore Crawler x2  
  113  11:07  Drone, Spore Crawler  
  113  11:08  Drone x3  
  113  11:11  Hydralisk  
  114  11:17  Hive  
  116  11:22  Overlord  
  116  11:32  Drone x2  
  118  11:33  Drone x3, Spore Crawler x2  
  118  11:34  Drone x2  
  118  11:35  Drone  
  122  11:46  Hydralisk x4  
  130  11:48  Hydralisk  
  132  12:02  Hydralisk x3, Lurker x2  
  132  12:03  Overlord  
  132  12:04  Overlord  
  132  12:05  Hydralisk  
  132  12:07  Drone  
  143  12:11  Hydralisk  
  143  12:12  Hydralisk  
  147  12:15  Extractor  
  147  12:17  Extractor  
  147  12:21  Spore Crawler  
  147  12:22  Spore Crawler  
  143  12:36  Hydralisk x5  
  143  12:37  Hydralisk x3  
  159  13:21  Hydralisk  
  159  13:22  Hydralisk x3  
  159  13:24  Overlord x5  
  159  13:25  Overlord x4  
  167  13:33  Lurker  
  168  13:39  Baneling x3  
  168  13:40  Baneling x3  
  168  13:45  Drone  
  168  13:46  Drone x2  
  171  14:07  Hatchery  
  170  14:14  Hatchery  
Tags
 
Add a new tag
Caveats
  • Supply blocks, unpowered buildings, or Contaminate may cause inaccurate times.
  • Supply counts are checked every 10 seconds.